 Dungeon Crawl Stone Soup version 0.28.0 (webtiles) character file.

Game seed: 335288030839933622

156936 Hasart the Carver (level 16, -3/202 HPs)
             Began as a Demigod Fighter on Feb 13, 2022.
             Hit by a boomerang thrown by a merfolk (13 damage)
             ... on level 4 of the Shoals.
             The game lasted 01:50:31 (32632 turns).

Hasart the Carver (Demigod Fighter)                Turns: 32632, Time: 01:50:32

Health: -3/202     AC: 36    Str: 29    XL:     16   Next: 56%
Magic:  25/25      EV:  2    Int: 14    God:
Gold:   1024       SH: 14    Dex: 28    Spells: 7/22 levels left

rFire   . . .      SeeInvis +   L - +8 long sword of the Beginning {vamp, +Blink Dex+7 SInv}
rCold   + . .      Faith    .   m - +0 kite shield
rNeg    . . .      Spirit   .   (armour currently unavailable)
rPois   +          Reflect  .   (helmet currently unavailable)
rElec   .          Harm     .   (cloak currently unavailable)
rCorr   .          Rampage  .   (gloves currently unavailable)
Will    +....      Clarity  +   (boots currently unavailable)
Stlth   +++....... NoTele   +   j - amulet of regeneration
HPRegen 1.23/turn               A - ring of Zenap {+Blink rC+ Str+4 SInv Stlth+}
MPRegen 0.19/turn               W - ring of the Tortoise {AC+8}

@: tree-form, engulfed, on berserk cooldown
A: stationary, stasis, torment immunity, boosted hp, high MP 1, forlorn, divine
attributes, (iridescent scales 1), clarity
a: Evoke Blink


You were on level 4 of the Shoals.
You were a tree.
You visited 4 branches of the dungeon, and saw 27 of its levels.
You also visited: Bailey and Volcano.

You collected 3074 gold pieces.
You spent 2050 gold pieces at shops.

Inventory:

Hand Weapons
 f - a +1 scimitar of flaming
 L - the +8 long sword of the Beginning (weapon) {vamp, +Blink Dex+7 SInv}
   (You found it in a bailey)

   It occasionally heals its wielder for a portion of the damage dealt when it
   wounds a living foe.
   Dex:       It affects your dexterity (+7).
   SInv:      It lets you see invisible.
   +Blink:    It lets you blink.
Missiles
 E - 4 throwing nets
 J - 23 boomerangs (quivered)
 K - 3 curare-tipped darts
 O - 13 javelins
 Y - 5 silver javelins
Armour
 e - a +0 troll leather armour
 m - a +0 kite shield (worn)
 n - a scarf of invisibility (melded)
 s - a +4 ring mail of poison resistance (melded)
 y - the +0 helmet of Xumyemme {Contam rN+ rCorr}
   (You found it on level 12 of the Dungeon)

   rN:        It protects you from negative energy.
   Contam:    It causes magical contamination when unequipped.
   rCorr:     It protects you from acid and corrosion.
 R - the +0 ring mail "Ugiod" {rElec Dex+2 Slay+3}
   (You bought it in a shop on level 2 of the Orcish Mines)

   Dex:       It affects your dexterity (+2).
   Slay:      It affects your accuracy & damage with ranged weapons and melee
   (+3).
   rElec:     It insulates you from electricity.
 S - a +2 scale mail of fire resistance
 V - a +2 pair of gloves (melded)
 X - a +2 hat (melded)
Jewellery
 j - an amulet of regeneration (around neck)
 v - a ring of poison resistance
 A - the ring of Zenap (left branch) {+Blink rC+ Str+4 SInv Stlth+}
   (You bought it in a shop on level 2 of the Orcish Mines)

   [ring of see invisible]

   Str:       It affects your strength (+4).
   rC:        It protects you from cold.
   SInv:      It lets you see invisible.
   +Blink:    It lets you blink.
   Stlth:     It makes you more stealthy.
 M - a ring of willpower
 W - the ring of the Tortoise (right branch) {AC+8}
   (You found it on level 5 of the Lair of Beasts)

   [ring of protection]

   AC:        It affects your AC (+8).
Wands
 g - a wand of iceblast (4)
 r - a wand of mindburst (4)
 u - a wand of acid (6)
 H - a wand of digging (5)
Scrolls
 l - 4 scrolls of enchant weapon
 p - 7 scrolls of magic mapping
 q - 4 scrolls of enchant armour
 t - 4 scrolls of blinking
 B - 5 scrolls of fog
 C - 7 scrolls of teleportation
 D - 4 scrolls of identify
 P - 5 scrolls of fear
 Q - a scroll of brand weapon
Potions
 b - a potion of mutation
 d - 2 potions of might
 h - 2 potions of invisibility
 k - 5 potions of lignification
 w - 6 potions of attraction
 x - 5 potions of magic
 z - a potion of berserk rage
 F - 2 potions of heal wounds
 G - 3 potions of flight
 N - 3 potions of cancellation
 T - 2 potions of haste
 U - a potion of resistance
 Z - 7 potions of curing
Miscellaneous
 a - a phantom mirror
 i - a phantom mirror
 o - a condenser vane


   Skills:
 + Level 10.5 Fighting
 + Level 14.2 Long Blades
 + Level 9.5 Throwing
 + Level 10.5 Armour
 + Level 10.0 Dodging
 + Level 10.4 Shields
 + Level 3.8 Spellcasting
 + Level 1.2 Hexes
 + Level 1.3 Summonings
 + Level 1.2 Translocations
 + Level 4.2 Transmutations
 + Level 12.1 Evocations


You had 7 spell levels left.
You knew the following spells:

 Your Spells              Type           Power      Damage    Failure   Level
a - Wereblood             Tmut           14%        N/A       12%         2
b - Blink                 Tloc           12%        N/A       36%         2
c - Apportation           Tloc           12%        N/A       26%         1
d - Manifold Assault      Tloc           6%         N/A       100%        5
e - Summon Mana Viper     Hex/Summ       6%         N/A       100%        5

Your spell library contained the following spells:

 Spells                   Type           Power      Damage    Failure   Level
 Sting                    Tmut/Pois      32%        1d4       19%         1
 Summon Small Mammal      Summ           24%        N/A       26%         1
 Animate Skeleton         Necr           4%         N/A       41%         1
 Magic Dart               Conj           8%         1d3       41%         1
 Pain                     Necr           8%         1d4       41%         1
 Poisonous Vapours        Pois/Air       4%         N/A       54%         2
 Searing Ray              Conj           4%         2d4       54%         2
 Static Discharge         Conj/Air       2%         N/A       54%         2
 Sublimation of Blood     Necr           2%         N/A       54%         2
 Gell's Gravitas          Tloc           6%         N/A       61%         3
 Lesser Beckoning         Tloc           6%         N/A       61%         3
 Portal Projectile        Hex/Tloc       12%        N/A       61%         3
 Teleport Other           Tloc           6%         N/A       61%         3
 Ozocubu's Armour         Ice            2%         N/A       78%         3
 Vampiric Draining        Necr           2%         2d6       78%         3
 Blade Hands              Tmut           7%         N/A       91%         5
 Cause Fear               Hex            3%         N/A       95%         4
 Fulminant Prism          Conj/Hex       2%         3d6       97%         4
 Olgreb's Toxic Radiance  Pois           2%         N/A       99%         4
 Excruciating Wounds      Necr           1%         N/A       100%        5
 Lightning Bolt           Conj/Air       1%         1d12      100%        5
 Summon Forest            Summ/Tloc      3%         N/A       100%        5
 Conjure Ball Lightning   Conj/Air       1%         3x3d6     100%        6
 Summon Cactus Giant      Summ           3%         N/A       100%        6
 Dragon Form              Tmut           7%         N/A       100%        7
 Ozocubu's Refrigeration  Ice            1%         4d5       100%        7
 Summon Hydra             Summ           3%         N/A       100%        7
 Discord                  Hex            3%         N/A       100%        8
 Disjunction              Tloc           3%         N/A       100%        8
 Maxwell's Capacitive Co  Air            1%         ∞         100%        8
 Dragon's Call            Summ           3%         N/A       100%        9


Dungeon Overview and Level Annotations

Branches:
Dungeon (15/15)            Temple (0/1) D:5            Lair (6/6) D:8
 Shoals (4/4) Lair:4       Spider (0/4) Lair:4        Slime (0/5) Lair:6
    Orc (2/2) D:10            Elf (0/3) Orc:2        Vaults (0/5) D:13
 Depths (0/4) D:15         Bailey (visited)         Volcano (visited)

Shops:
D:1 :   D:7 [   Orc:2 [(=[   Shoals:3 *

Portals:
Trove: D:15 (show abyssal rune of Zot)

Annotations:
D:4 1 runed translucent door, dadoka's ghost, novice GrFi
D:13 3 runed translucent doors, Yqoodd's ghost, journeyman GnWr
Shoals:3 Ilsuiw


Innate Abilities, Weirdness & Mutations

You are a tree.
Your roots penetrate the ground, keeping you stationary.
You cannot be teleported.
You are immune to unholy pain and torment.
Your maximum health is greatly increased.
Your equipment is partially melded.
You have an increased reservoir of magic. (+10% MP)
You shall have no god before yourself.
Your divine heritage dramatically boosts your attributes as you level up.
((You are partially covered in iridescent scales. (AC +2)))
You possess an exceptional clarity of mind.


Message History

You slash the minotaur!
You feel better.
The minotaur is lightly wounded.
You feel sick. You block the merfolk's attack. The water elemental hits you.
You block the merfolk's attack. The minotaur hits you!!
* * * LOW HITPOINT WARNING * * *
The minotaur gores you but does no damage.
Unknown command.
You feel much better.
You feel sick. You block the water elemental's attack.
You block the merfolk's attack. x2
The minotaur hits you but does no damage.
You block the minotaur's attack.
Unknown command.
Okay, then.
You slash the minotaur!
You feel better.
The minotaur is moderately wounded.
You feel sick. You block the water elemental's attack.
The merfolk hits you but does no damage.
The merfolk throws a boomerang.
You block the boomerang. The minotaur hits you!
* * * LOW HITPOINT WARNING * * *
The minotaur gores you.
* * * LOW HITPOINT WARNING * * *
You slash the minotaur!
You feel better.
The minotaur is heavily wounded.
You feel sick. You block the merfolk's attack. x2
The water elemental hits you.
Unknown command.
You barely miss the minotaur.
The minotaur is heavily wounded.
You feel sick. You block the minotaur's attack. The minotaur gores you.
* * * LOW HITPOINT WARNING * * *
The water elemental hits you.
The merfolk hits you from afar with a +2 trident of venom!
* * * LOW HITPOINT WARNING * * *
The merfolk hits you but does no damage.
You are more poisoned.
You feel better. The minotaur hits you!
* * * LOW HITPOINT WARNING * * *
You block the minotaur's attack. The water elemental hits you.
The merfolk throws a boomerang.
The boomerang hits you!
You die...

#mkm#########)..#.≈...
#cmm)..$...##...#.≈≈≈.
.
#######...##/..##≈≈≈≈≈
.. ##.≈≈##...## ≈≈ #.
###..≈.#...##≈≈≈
+..#(...##≈.≈..≈≈≈≈≈
#...)m##m≈..##≈≈≈≈≈≈
#...#.#E)).##≈≈≈≈≈≈≈≈
..c# #≈H♣###≈≈≈≈≈≈≈≈≈≈
.......### ≈≈≈≈≈≈≈≈≈≈
....#. ≈≈≈≈≈≈≈≈≈
#.###≈ ≈≈≈≈≈≈≈≈≈ ≈ ≈≈
≈≈≈≈≈≈ ≈≈ ≈≈≈≈


You could see a minotaur, 2 merfolk and a water elemental.

Vanquished Creatures
  Jorgrun (D:15)
  Rupert (D:12)
  A kraken (Shoals:2)
  An orc warlord (Orc:2)
  Nessos (Lair:5)
  A red draconian (Volcano)
  A minotaur (Shoals:3)
  3 merfolk javelineers
  An ettin (D:15)
  2 merfolk impalers (Shoals:4)
  A rakshasa (D:14)
  6 vault guards
  7 hydras
  Erolcha (Orc:1)
  3 centaur warriors
  6 boulder beetles
  2 merfolk avatars
  2 ogre magi
  A merfolk aquamancer (Shoals:4)
  11 two-headed ogres
  5 satyrs
  2 catoblepae
  A tengu warrior (D:15)
  Urug (Orc:1)
  4 orc high priests (Orc:2)
  A deep elf knight (D:13)
  8 sea snakes
  A lindwurm (shapeshifter) (D:15)
  A lindwurm (Lair:3)
  3 deep elf pyromancers
  2 necromancers
  Pikel (D:4)
  10 harpies
  2 wolf spider zombies (D:15)
  3 wizards
  A deep elf zephyrmancer (D:15)
  A wolf spider (Lair:6)
  5 orc knights
  An orc sorcerer (Orc:2)
  23 ugly things
  8 cyclopes
  13 manticores
  19 fauns
  6 merfolk sirens
  Joseph (D:10)
  8 elephants
  12 black mambas
  A guardian serpent (Lair:6)
  An ice statue (D:10)
  A torpor snail (Lair:1)
  3 water nymphs
  A cane toad (shapeshifter) (D:15)
  4 gargoyles
  17 cane toads
  A kobold demonologist (D:12)
  3 unseen horrors
  2 redback zombies (D:15)
  An efreet (D:12)
  2 rime drakes
  8 komodo dragons
  8 yaktaurs
  3 tengu conjurers
  A freezing wraith (D:15)
  7 trolls
  4 meliai (Shoals:3)
  15 merfolk
  9 polar bears (Lair:6)
  8 blink frogs
  6 wind drakes
  Grinder (D:5)
  4 slime creatures
  3 raiju (Lair:6)
  3 dream sheep (Shoals:2)
  3 hornets (Lair:6)
  7 snapping turtles
  A centaur simulacrum (D:14)
  Sigmund (D:2)
  5 vampires
  3 water elementals
  2 shadows
  46 yaks
  5 wraiths
  Eustachio (D:4)
  10 wyverns
  2 steam dragons (D:8)
  5 basilisks
  A redback simulacrum (D:15)
  3 redbacks
  Edmund (D:4)
  An acid dragon (D:12)
  7 wargs
  14 hell hounds (Lair:6)
  21 water moccasins
  Duvessa (D:6)
  A sky beast (D:6)
  41 orc warriors
  A hornet zombie (D:7)
  14 black bears
  3 ogres
  A necrophage (D:6)
  8 centaurs
  26 wolves
  2 lemures (D:4)
  A phantom (D:5)
  Blork the orc (D:6)
  4 kobold brigands
  9 bullfrogs
  3 gnoll sergeants
  4 scorpions
  Dowan (D:6)
  2 water moccasin skeletons (D:5)
  16 killer bees
  2 electric eels
  4 wights (D:6)
  6 howler monkeys
  16 centaur zombies
  3 bullfrog zombies
  24 orc priests
  2 bullfrog skeletons
  2 centaur skeletons
  2 jellies (Lair:6)
  Crazy Yiuf (D:5)
  2 hounds
  Jessica (D:3)
  Ijyb (D:5)
  Terence (D:3)
  4 iguanas
  36 orc wizards
  4 yak simulacra (D:14)
  4 wolf simulacra (D:14)
  A hound skeleton (D:4)
  A howler monkey zombie (D:9)
  10 adders
  15 gnolls
  A shadow imp (D:5)
  An adder skeleton (D:4)
  4 worms
  A dart slug (D:1)
  93 orcs
  7 ball pythons
  6 bats
  7 endoplasms
  4 giant cockroaches (D:1)
  16 goblins
  5 hobgoblins
  15 kobolds
  A quokka (D:4)
  A frilled lizard (D:1)
  2 rats
  3 river rat simulacra (D:14)
  7 tentacles (Shoals:2)
907 creatures vanquished.

Vanquished Creatures (others)
  A merfolk (Shoals:4)
  A vampire (D:10)
  2 orc wizards
  3 orcs
  27 fungi
  55 plants
  29 tentacles (Shoals:2)
118 creatures vanquished.

Grand Total: 1025 creatures vanquished

Notes
Turn   | Place    | Note
-------+----------+-------------------------------------------
     0 | D:1      | Hasart the Demigod Fighter began the quest for the Orb.
     0 | D:1      | Reached XP level 1. HP: 18/18 MP: 3/3
    82 | D:1      | Reached skill level 2 in Long Blades
   184 | D:1      | Reached XP level 2. HP: 25/25 MP: 4/4
   688 | D:1      | Found Gesabb's Book Emporium.
  1326 | D:2      | Reached XP level 3. HP: 31/31 MP: 5/5
  2158 | D:2      | Noticed Sigmund
  2178 | D:2      | Killed Sigmund
  2179 | D:2      | Reached skill level 3 in Long Blades
  2179 | D:2      | Reached skill level 1 in Dodging
  2179 | D:2      | Reached XP level 4. HP: 18/38 MP: 6/6
  2179 | D:2      | Reached XP level 5. HP: 22/45 MP: 7/7
  2792 | D:3      | Noticed Jessica
  2828 | D:3      | Killed Jessica
  2874 | D:3      | Noticed Terence
  2899 | D:3      | Reached XP level 6. HP: 30/51 MP: 8/8
  2903 | D:3      | Killed Terence
  2985 | D:3      | Reached skill level 1 in Evocations
  3296 | D:4      | Reached skill level 4 in Long Blades
  3713 | D:4      | Noticed Edmund
  3723 | D:4      | Noticed Eustachio
  3731 | D:4      | Killed Edmund
  3732 | D:4      | Reached XP level 7. HP: 31/59 MP: 9/9
  3794 | D:4      | Killed Eustachio
  4159 | D:4      | Found a runed translucent door.
  4168 | D:4      | Noticed dadoka's ghost (novice GrFi)
  4821 | D:5      | Entered Level 5 of the Dungeon
  4981 | D:5      | Reached skill level 1 in Throwing
  4996 | D:5      | Reached skill level 5 in Long Blades
  5036 | D:5      | Found a runed translucent door.
  5037 | D:5      | Noticed Crazy Yiuf
  5135 | D:5      | Reached XP level 8. HP: 67/67 MP: 10/10
  5153 | D:5      | Noticed Grinder
  5154 | D:5      | Paralysed by Grinder for 6 turns
  5172 | D:5      | Killed Grinder
  5207 | D:5      | Found a staircase to the Ecumenical Temple.
  5387 | D:5      | Noticed Ijyb
  5395 | D:5      | Killed Ijyb
  5554 | D:5      | Noticed Pikel
  5758 | D:4      | Killed Pikel
  6170 | D:6      | Reached skill level 6 in Long Blades
  6235 | D:6      | Reached skill level 5 in Fighting
  6235 | D:6      | Reached skill level 5 in Armour
  6235 | D:6      | Reached skill level 5 in Shields
  6245 | D:6      | Reached XP level 9. HP: 67/74 MP: 11/11
  6332 | D:6      | Noticed Dowan
  6334 | D:6      | Noticed Duvessa
  6343 | D:6      | Killed Duvessa
  6343 | D:6      | Killed Dowan
  6526 | D:6      | Noticed Blork the orc
  6537 | D:6      | Killed Blork the orc
  7337 | D:7      | Reached skill level 7 in Long Blades
  7771 | D:7      | Found Amufo's Antique Armour Boutique.
  7776 | D:7      | Bought a smouldering ring mail for 261 gold pieces
  7776 | D:7      | Identified the +4 ring mail of Ituwnia {Harm Will- Int+4}
                  | (You bought it in a shop on level 7 of the Dungeon)
  7950 | D:7      | HP: 2/74 [orc priest/divine providence (12)]
  8456 | D:8      | Found a staircase to the Lair.
  8458 | D:8      | Noticed a komodo dragon
  8756 | D:8      | Reached XP level 10. HP: 83/83 MP: 13/13
  9300 | D:9      | Reached skill level 5 in Dodging
  9432 | D:9      | Reached skill level 8 in Long Blades
  9605 | D:9      | Reached skill level 5 in Evocations
 10304 | D:10     | Entered Level 10 of the Dungeon
 10304 | D:10     | Noticed Joseph
 10322 | D:10     | Killed Joseph
 10586 | D:10     | Found a flagged portal.
 10598 | Bailey   | Entered a bailey
 10739 | Bailey   | Noticed an orc knight
 10740 | Bailey   | Noticed an orc knight
 10774 | Bailey   | Killed an orc knight
 10777 | Bailey   | Killed an orc knight
 10834 | Bailey   | Reached XP level 11. HP: 91/91 MP: 14/14
 10840 | Bailey   | Identified the +8 long sword of the Beginning {vamp, +Blink
                  | Dex+7 SInv}
 11101 | D:10     | Found a staircase to the Orcish Mines.
 11246 | D:10     | Noticed a two-headed ogre
 11276 | D:10     | Killed a two-headed ogre
 11740 | D:10     | Noticed a centaur warrior
 11750 | D:10     | Killed a centaur warrior
 11751 | D:10     | Reached skill level 9 in Long Blades
 11751 | D:10     | Reached skill level 5 in Throwing
 11811 | D:10     | Noticed a two-headed ogre
 11828 | D:10     | Killed a two-headed ogre
 12346 | Orc:1    | Entered Level 1 of the Orcish Mines
 12402 | Orc:1    | Noticed Erolcha
 12412 | Orc:1    | Noticed Urug
 12416 | Orc:1    | Killed Erolcha
 12427 | Orc:1    | Killed Urug
 12816 | Orc:2    | Entered Level 2 of the Orcish Mines
 13323 | Orc:2    | Noticed an orc knight
 13367 | Orc:2    | Killed an orc knight
 13368 | Orc:2    | Reached XP level 12. HP: 72/100 MP: 15/15
 13415 | Orc:2    | Found Miudidom's Jewellery Shop.
 13521 | Orc:2    | Noticed an orc warlord
 13601 | Orc:2    | Killed an orc warlord
 13711 | Orc:1    | Reached skill level 10 in Long Blades
 13898 | Orc:2    | Gained mutation: Armour fits poorly on your strangely
                  | shaped body. [a neqoxec]
 13932 | Orc:2    | Lost mutation: Armour fits poorly on your strangely shaped
                  | body. [potion of mutation]
 13932 | Orc:2    | Gained mutation: You are frail. (-10% HP) [potion of
                  | mutation]
 13932 | Orc:2    | Gained mutation: You have sharp toenails. [potion of
                  | mutation]
 13935 | Orc:2    | Lost mutation: You are frail. (-10% HP) [potion of
                  | mutation]
 13935 | Orc:2    | Lost mutation: You have sharp toenails. [potion of
                  | mutation]
 13935 | Orc:2    | Gained mutation: Your muscles are strong. (Str +2) [potion
                  | of mutation]
 14116 | Orc:2    | Found a staircase to the Elven Halls.
 14358 | Orc:2    | Gained mutation: Your body sometimes deteriorates upon
                  | taking damage. [a neqoxec]
 14363 | Orc:2    | Gained mutation: You tend to lose your temper in combat. [a
                  | neqoxec]
 14457 | Orc:2    | Found Nooghikh's Antique Weapon Shop.
 14459 | Orc:2    | Found Dieskusi's Antique Armour Boutique.
 14757 | Orc:2    | Found Hijuh's Antique Armour Shoppe.
 14884 | Orc:2    | Bought the ring of Zenap {+Blink rC+ Str+4 SInv Stlth+} for
                  | 519 gold pieces
 14885 | Orc:2    | Bought a ring of willpower for 275 gold pieces
 14937 | Orc:2    | Bought a heavily runed ring mail for 225 gold pieces
 14937 | Orc:2    | Identified the +1 ring mail of Good Intentions {+Blink
                  | rCorr Int-4 SInv} (You bought it in a shop on level 2 of
                  | the Orcish Mines)
 15000 | Orc:2    | Bought a smelly ring mail for 189 gold pieces
 15000 | Orc:2    | Identified the +1 ring mail of the Arena {-Cast Will+
                  | Str+2} (You bought it in a shop on level 2 of the Orcish
                  | Mines)
 15000 | Orc:2    | Bought a transparent ring mail for 189 gold pieces
 15000 | Orc:2    | Identified the +0 ring mail "Ugiod" {rElec Dex+2 Slay+3}
                  | (You bought it in a shop on level 2 of the Orcish Mines)
 15261 | Lair:1   | Entered Level 1 of the Lair of Beasts
 15531 | Lair:1   | Lost mutation: You tend to lose your temper in combat.
                  | [potion of mutation]
 15531 | Lair:1   | Lost mutation: Your muscles are strong. (Str +2) [potion of
                  | mutation]
 15531 | Lair:1   | Gained mutation: You are clumsy. (Dex -2) [potion of
                  | mutation]
 15531 | Lair:1   | Lost mutation: You are clumsy. (Dex -2) [potion of
                  | mutation]
 16446 | Lair:2   | Identified the +0 scale mail of Yesterday {-Cast rPois rC++
                  | rCorr}
 16707 | Lair:2   | Found a dark tunnel.
 16717 | Volcano  | Entered a volcano
 16819 | Volcano  | Noticed an ogre mage
 16836 | Volcano  | Reached XP level 13. HP: 56/102 MP: 16/16
 16935 | Volcano  | Noticed a red draconian
 16948 | Volcano  | Killed a red draconian
 16949 | Volcano  | Reached skill level 11 in Long Blades
 17197 | Lair:2   | Identified the +8 halberd of the Moon {speed, rElec}
 19056 | Lair:4   | Found a hole to the Spider Nest.
 19134 | Lair:4   | Found a staircase to the Shoals.
 19753 | Lair:5   | Found the ring of the Tortoise {AC+8}
 20352 | Lair:6   | Entered Level 6 of the Lair of Beasts
 20368 | Lair:6   | Noticed Nessos
 20510 | Lair:5   | Killed Nessos
 20511 | Lair:5   | Reached skill level 10 in Evocations
 20661 | Lair:6   | Reached XP level 14. HP: 114/116 MP: 17/17
 20807 | Lair:6   | Found a staircase to the Slime Pits.
 20954 | Lair:6   | Identified the +2 rapier of the Blessed Realm {vorpal, Fly
                  | Str-3 SInv}
 20993 | Lair:6   | Reached skill level 12 in Long Blades
 23799 | D:12     | Noticed Rupert
 23810 | D:12     | Killed Rupert
 23854 | D:12     | Identified the +0 helmet of Xumyemme {Contam rN+ rCorr}
 23864 | D:12     | Identified the +1 ring mail of Bif Geir {Int+3}
 24309 | D:13     | Found a runed translucent gate.
 24309 | D:13     | Found a runed translucent gate.
 24311 | D:13     | Found a runed translucent gate.
 24311 | D:13     | Noticed Yqoodd's ghost (journeyman GnWr)
 25167 | D:13     | Reached XP level 15. HP: 119/125 MP: 18/18
 25427 | D:1      | Bought a book of Blood for 392 gold pieces
 25430 | D:1      | Learned a level 2 spell: Wereblood
 25543 | D:5      | Killed Crazy Yiuf
 25801 | D:13     | Found a gate to the Vaults.
 25814 | D:13     | Reached skill level 13 in Long Blades
 26168 | D:13     | Reached skill level 1 in Transmutations
 26188 | D:13     | Reached skill level 1 in Spellcasting
 26935 | D:15     | Entered Level 15 of the Dungeon
 27103 | D:15     | Found a staircase to the Depths.
 27713 | D:15     | Reached skill level 10 in Fighting
 27713 | D:15     | Reached skill level 10 in Armour
 27823 | D:15     | Found a portal to a secret trove of treasure.
 28050 | D:15     | Noticed Jorgrun
 28070 | D:15     | Killed Jorgrun
 28574 | Shoals:1 | Entered Level 1 of the Shoals
 28580 | Shoals:1 | Reached skill level 10 in Shields
 28632 | Shoals:1 | Lost mutation: Your body sometimes deteriorates upon taking
                  | damage. [potion of mutation]
 28632 | Shoals:1 | Gained mutation: Your flesh is cold resistant. (rC+)
                  | [potion of mutation]
 28632 | Shoals:1 | Gained mutation: Armour fits poorly on your strangely
                  | shaped body. [potion of mutation]
 28632 | Shoals:1 | Gained mutation: You expend magic power (3 MP) to
                  | strengthen your wands. [potion of mutation]
 28632 | Shoals:1 | Gained mutation: You have a pair of small horns on your
                  | head. [potion of mutation]
 30194 | Shoals:2 | Reached XP level 16. HP: 132/134 MP: 24/24
 30771 | Shoals:2 | Noticed a kraken
 31143 | Shoals:2 | Killed a kraken
 31472 | Shoals:3 | Found Fugakili's General Store.
 31517 | Shoals:3 | Reached skill level 14 in Long Blades
 31770 | Shoals:3 | Noticed Ilsuiw
 31859 | Shoals:3 | Lost mutation: You have a pair of small horns on your head.
                  | [potion of mutation]
 31859 | Shoals:3 | Lost mutation: You expend magic power (3 MP) to strengthen
                  | your wands. [potion of mutation]
 31859 | Shoals:3 | Gained mutation: You have a pair of small horns on your
                  | head. [potion of mutation]
 31860 | Shoals:3 | Lost mutation: Armour fits poorly on your strangely shaped
                  | body. [potion of mutation]
 31860 | Shoals:3 | Lost mutation: Your flesh is cold resistant. (rC+) [potion
                  | of mutation]
 31860 | Shoals:3 | Lost mutation: You have a pair of small horns on your head.
                  | [potion of mutation]
 31860 | Shoals:3 | Gained mutation: You possess an exceptional clarity of
                  | mind. [potion of mutation]
 31860 | Shoals:3 | Gained mutation: You are partially covered in iridescent
                  | scales. (AC +2) [potion of mutation]
 31923 | Shoals:2 | Learned a level 2 spell: Blink
 31925 | Shoals:2 | Learned a level 1 spell: Apportation
 31931 | Shoals:2 | Learned a level 5 spell: Manifold Assault
 31937 | Shoals:2 | Learned a level 5 spell: Summon Mana Viper
 32310 | Shoals:4 | Entered Level 4 of the Shoals
 32431 | Shoals:4 | Reached skill level 1 in Summonings
 32504 | Shoals:4 | Reached skill level 1 in Translocations
 32523 | Shoals:4 | Reached skill level 1 in Hexes
 32576 | Shoals:4 | Reached skill level 10 in Dodging
 32627 | Shoals:4 | HP: 8/202 [minotaur (19)]
 32632 | Shoals:4 | HP: 10/202 [minotaur (12)]
 32632 | Shoals:4 | Hit by a boomerang thrown by a merfolk

Illustrated notes

Levels and vault maps discovered:
D:1:      nzn_arrival_depleted_hourglass, layout_basic, serial_shops, shop,
          dk_noncrumbling_3
D:2:      layout_basic, minmay_misc_feat_alley, uniq_sigmund
D:3:      layout_rooms, uniq_terence, uniq_jessica
D:4:      layout_layer_cave, ebering_ghost_sewer_d, uniq_edmund, uniq_eustachio
D:5:      layout_basic, mainiacjoe_overflow_cross_hatched, temple_pool_b,
          minmay_misc_feat_iff, minmay_misc_feat_roman, uniq_pikel,
          uniq_crazy_yiuf_cottage, uniq_grinder, uniq_ijyb
D:6:      layout_basic, uniq_duvessa, uniq_blork_the_orc
D:7:      layout_layer_cave, serial_shops, nicolae_shop_hallway_plus
D:8:      layout_loops_ring, chequers_temple_overflow_statue_of_worship,
          david_lair_shrubbed
D:9:      layout_basic, mainiacjoe_overflow_alcove_2
D:10:     minmay_razor_zed, layout_loops_corners, erik_orc_2, enter_bailey_3,
          minivault_16, uniq_joseph
D:11:     layout_loops_ring, nicolae_ashenzari_skybound
D:12:     minmay_the_grid_triangle_9x9_recursive_3
          [minmay_the_grid_triangle_9x9_wacky_v,
          minmay_the_grid_triangle_9x9_checkered,
          minmay_the_grid_triangle_9x9_shrine,
          minmay_the_grid_triangle_9x9_prize_center,
          minmay_the_grid_triangle_9x9_negative_grid,
          minmay_the_grid_triangle_9x9_flanged_cone,
          minmay_the_grid_triangle_9x9_steps,
          minmay_the_grid_triangle_9x9_corruption,
          minmay_the_grid_triangle_9x9_thin_v], layout_small_grid, uniq_rupert
D:13:     layout_roguey, grunt_vaults_entry_fortified,
          gammafunk_ghost_nasty_kobolds, hangedman_decor_riveting,
          minmay_microvault
D:14:     layout_big_octagon, infiniplex_staircase_pillars_3a,
          serial_column_ruins, column_ruins_hut_ruined, column_ruins_hut,
          column_ruins_open_medium, column_ruins_open_tiny,
          column_ruins_open_small, column_ruins_corridor_T,
          column_ruins_open_tiny, column_ruins_open_small, column_ruins_grid_1,
          eino_house_with_fridge
D:15:     hangedman_depths_entry_civil_slaughter, layout_loops_corners,
          enter_trove_5, serial_park_tiny_1, nicolae_yredelemnul_corpse_copse,
          uniq_jorgrun
Lair:1:   layout_long_grid, cheibrodos_lair_reptile_den, serial_bayou_shore_a,
          grunt_megastairs_1
Lair:2:   layout_concentric_octagons, enter_volcano_2,
          dreamdust_deal_with_the_devil, infiniplex_staircase_pool
Lair:3:   layout_loops_ring, minivault_24, grunt_megastairs_3
Lair:4:   layout_roguey, elwin_shoals_entry_stream,
          spider_nest_entry_funnel_web, serial_bayou_pond_d, grunt_megastairs_5
Lair:5:   layout_regular_city
Lair:6:   hangedman_lair_caniforms_friends, layout_long_grid,
          hangedman_lair_tendril_chambers, minmay_slime_entry_pillars,
          minivault_26, serial_bayou_shore_b, uniq_nessos
Shoals:1: layout_shoals, nicolae_shoals_loop_pool
Shoals:2: layout_shoals
Shoals:3: layout_shoals, serial_shops, shop, regret_index_shoals_crete,
          uniq_ilsuiw
Shoals:4: shoals_end_hellmonk_lost_city
Orc:1:    layout_diamond_mine, nicolae_orc_rockfall, uniq_urug, uniq_erolcha
Orc:2:    grunt_orc_community_town_hall, layout_caves,
          grunt_orc_community_big_house_2, grunt_orc_community_big_house_2,
          grunt_orc_community_house_1, grunt_orc_community_house_1,
          grunt_orc_community_house_3, grunt_orc_community_house_2,
          grunt_orc_community_house_2, grunt_orc_community_house_3

Skill      XL: |  1  2  3  4  5  6  7  8  9 10 11 12 13 14 15 16 |
---------------+-------------------------------------------------+-----
Long Blades    | 2 3 4 5 6 7 8 9 10 11 12 13 14 | 14.2
Fighting       | 3 4 5 6 7 8 9 10 | 10.5
Armour         | 3 4 5 6 7 8 9 10 | 10.5
Shields        | 3 4 5 6 7 8 9 10 | 10.4
Dodging        | 1 2 3 4 5 6 7 8 9 10 | 10.0
Evocations     | 1 2 3 4 5 7 8 10 11 12 | 12.1
Throwing       | 1 2 3 4 5 6 7 8 9 |  9.5
Transmutations | 3 4 |  4.2
Spellcasting   | 3 |  3.8
Summonings     | 1 |  1.3
Translocations | 1 |  1.2
Hexes          | 1 |  1.2

Action                   |  1- 3 |  4- 6 |  7- 9 | 10-12 | 13-15 | 16-18 || total
-------------------------+-------+-------+-------+-------+-------+-------++-------
Melee: Long sword        |   115 |   159 |   400 |   849 |  2133 |   597 ||  4253
       Falchion          |       |       |   183 |   340 |       |       ||   523
       Headbutt          |       |       |       |       |    68 |   101 ||   169
Throw: Stone             |       |       |     1 |       |       |       ||     1
       Dart              |       |       |     8 |    54 |     2 |       ||    64
       Boomerang         |       |       |       |    75 |    56 |    57 ||   188
       Throwing net      |       |       |       |     1 |       |       ||     1
       Javelin           |       |       |       |     5 |    19 |       ||    24
 Abil: Evoke Invisibilit |       |       |       |     2 |     1 |       ||     3
Evoke: Wand              |       |     5 |     7 |    12 |    17 |       ||    41
       Condenser vane    |       |       |       |       |     2 |       ||     2
  Use: Potion            |     1 |       |     2 |     4 |     2 |     7 ||    16
       Scroll            |       |       |    15 |     6 |    10 |     4 ||    35
 Stab: Sleeping          |       |       |     1 |       |     9 |     1 ||    11
       Invisible         |       |       |       |     7 |     5 |       ||    12
       Petrified         |       |       |       |       |     5 |       ||     5
       Distracted        |       |       |       |       |     3 |       ||     3
Armor: Scale mail        |     7 |       |       |       |       |       ||     7
       Chain mail        |    50 |    99 |    22 |       |       |       ||   171
       Ring mail         |       |       |   197 |   287 |   687 |   206 ||  1377
       Skin              |       |       |       |       |       |    20 ||    20
Dodge: Dodged            |    33 |    48 |   245 |   684 |  1480 |   388 ||  2878
Block: Buckler           |    31 |       |       |       |       |       ||    31
       Kite shield       |     8 |   115 |   359 |   920 |  1686 |   466 ||  3554
